 Dungeon Sprint DCSS version 0.19.4 (webtiles) character file.

12 TryAgain the Shield-Bearer (level 5, 0/44 HPs)
             Began as a Human Fighter on Feb 4, 2017.
             Was a Believer of Jiyva.
             Killed by nerve-wracking pain
             ... invoked by Grinder
              (13 damage)
             ... in the Dungeon (Sprint VI: "Thunderdome").
             The game lasted 00:03:50 (170 turns).

TryAgain the Shield-Bearer (Human Fighter)           Turns: 170, Time: 00:03:51

Health: 0/44       AC:  7    Str: 16    XL:     5   Next: 11%
Magic:  5/5        EV:  7    Int:  9    God:    Jiyva [**....]
Gold:   220        SH: 10    Dex: 13    Spells: 0 memorised, 4 levels left

rFire  . . .     SeeInvis .     a - +0 long sword
rCold  . . .     Gourm    .     b - +0 scale mail
rNeg   . . .     Faith    .     c - +0 shield
rPois  .         Spirit   .     (no helmet)
rElec  .         Reflect  .     (no cloak)
rCorr  .         Harm     .     (no gloves)
MR     .....     NoTele   +     (no boots)
Stlth  ..........               (no amulet)
                                (no ring)
                                (no ring)

@: no status effects
A: no striking features
a: Request Jelly, Renounce Religion


You were in the Dungeon.
You worshipped Jiyva.
Jiyva was pleased with you.
You were not hungry.

You visited 1 branch You collected 220 gold pieces.

Inventory:

Hand Weapons
 a - a +0 long sword (weapon)
Armour
 b - a +0 scale mail (worn)
 c - a +0 shield (worn)
Wands
 l - a wand of acid (0/15)
 m - a wand of iceblast (0/15)
Scrolls
 k - 4 scrolls of blinking
 n - 3 scrolls of fog
Potions
 d - a potion of might
 e - a potion of curing
 g - 3 potions of heal wounds
 h - 4 potions of haste
 i - 2 potions of magic
 j - a potion of berserk rage
 o - a potion of resistance
Comestibles
 f - a bread ration


   Skills:
 + Level 5.3 Fighting
 + Level 4.8 Long Blades
 + Level 5.3 Armour
 + Level 0.8 Dodging
 + Level 5.4 Shields


You had 4 spell levels left.
You didn't know any spells.

Dungeon Overview and Level Annotations

Branches:
Dungeon (1/1)

Altars:
Cheibriados
Dithmenos
Fedhas
Gozag
Kikubaaqudgha
Makhleb
Okawaru
Qazlal
Ru
Sif Muna
Trog
Uskayaw
Vehumet
Xom
Yredelemnul
Zin
The Shining One
Beogh
Jiyva
Lugonu

Shops:
D *[%??*?*:[((!!!!

Annotations:
D Grinder


Message History

Zapping:
m - a wand of iceblast (1/15)
Press: ? - help, Shift-Dir - straight line, f - white imp
Aim: a white imp (almost dead)
The mass of ice explodes!
The iceblast engulfs the white imp.
The white imp partially resists.
You kill the white imp!
The iceblast engulfs Grinder.
Grinder partially resists.
Grinder is almost dead.
This wand has 0 charges left.
Grinder hits you but does no damage.
The shadow imp laughs crazily.
You barely miss Grinder.
Grinder is almost dead.
Grinder gestures at you. Pain shoots through your body!
* * * LOW HITPOINT WARNING * * *
You hit Grinder.
Grinder is almost dead.
Grinder gestures at you. Pain shoots through your body!
You die...

#∩........8.# #.8........∩###
............###.............##
.........###...###..........⌠#
.........# #.<.# #..........⌠#
.........###...###..........⌠#
............###.............##
#∩........8.# #.8........∩###
##∩___......###5.....___∩##
######.8...5...@.8.######
#⌠...........⌠#
###.........### #_......._#
#_......._# #_......._#
#∩.......∩# ##∩.....∩##
##.....##


You could see Grinder and a shadow imp.

Vanquished Creatures
  A gnoll sergeant (D)
  A hound (D)
  3 gnolls (D)
  2 white imps (D)
7 creatures vanquished.

Vanquished Creatures (others)
  A jelly (D)
1 creature vanquished.

Grand Total: 8 creatures vanquished

Notes
Turn   | Place    | Note
-------+----------+-------------------------------------------
     0 | D        | TryAgain the Human Fighter began the quest for the Orb.
     0 | D        | Reached XP level 1. HP: 18/18 MP: 1/1
     1 | D        | Found a glowing silver altar of Zin.
     1 | D        | Found a viscous altar of Jiyva.
     2 | D        | Found a corrupted altar of Lugonu.
     2 | D        | Found a burning altar of Makhleb.
     3 | D        | Found a sacrificial altar of Ru.
     3 | D        | Found a bloodstained altar of Trog.
     4 | D        | Found Luis Qeg's Do-It-Yourself Clinic.
     4 | D        | Found a shadowy altar of Dithmenos.
     4 | D        | Found a hide-covered altar of Uskayaw.
     4 | D        | Found Duloczei's Distillery.
     5 | D        | Found Keonum's Bottled Wisdom.
     5 | D        | Found Cosoh's Distillery.
     5 | D        | Round 1.
     7 | D        | Found a deep blue altar of Sif Muna.
     8 | D        | Found Turricvu's Weapon Rack.
     9 | D        | Found Fyjeus's Basic Armour.
     9 | D        | Found Teraor's Miscellaneous Merchandise.
    10 | D        | Found a glowing golden altar of the Shining One.
    10 | D        | Found a radiant altar of Vehumet.
    10 | D        | Found an ancient bone altar of Kikubaaqudgha.
    10 | D        | Found Zauv's Premium Goods.
    14 | D        | Reached XP level 2. HP: 24/24 MP: 2/2
    15 | D        | Found a basalt altar of Yredelemnul.
    27 | D        | Became a worshipper of Jiyva Jiakkuke the Shapeless
    36 | D        | Found a blossoming altar of Fedhas.
    37 | D        | Found an iron altar of Okawaru.
    37 | D        | Found Veghits's Identification Station.
    38 | D        | Found Xicir's Advanced Armour.
    38 | D        | Found Issig's Jewellery.
    39 | D        | Found a snail-covered altar of Cheibriados.
    39 | D        | Found Henn's Bee Food.
    44 | D        | Found a roughly hewn altar of Beogh.
    46 | D        | Found Dusoh's Magic Scroll Shop.
    47 | D        | Found a stormy altar of Qazlal.
    47 | D        | Found an opulent altar of Gozag.
    47 | D        | Found a shimmering altar of Xom.
    47 | D        | Found Tacsel's Staff Store.
    47 | D        | Found Beugietz's Magic Scroll Shop.
    47 | D        | Found Acoyro's Must-Have Magic.
    73 | D        | Noticed a gnoll sergeant
    79 | D        | Killed a gnoll sergeant
    79 | D        | Reached skill level 5 in Fighting
    79 | D        | Reached skill level 5 in Armour
    79 | D        | Reached skill level 5 in Shields
    79 | D        | Reached XP level 3. HP: 25/33 MP: 3/3
    79 | D        | Reached XP level 4. HP: 30/39 MP: 4/4
    86 | D        | Reached * piety under Jiyva
    86 | D        | Reached ** piety under Jiyva
    94 | D        | Arena points: 12 (+12) [x2]
   145 | D        | Round 2.
   153 | D        | Noticed Grinder
   154 | D        | Paralysed by Grinder for 5 turns
   159 | D        | Reached XP level 5. HP: 30/44 MP: 5/5
   160 | D        | Paralysed by Grinder for 4 turns
   170 | D        | Killed from afar by Grinder

Skill      XL: |  1  2 |
---------------+-------+-----
Long Blades    | 4 |  4.8
Armour         | 5 |  5.3
Shields        | 5 |  5.4
Fighting       | 5 |  5.3
Dodging        | |  0.8

Action                   |  1- 3 |  4- 6 || total
-------------------------+-------+-------++-------
Melee: Long sword        |     8 |     8 ||    16
Invok: Request Jelly     |       |     1 ||     1
Evoke: Wand              |     3 |     7 ||    10
  Use: Potion            |       |     1 ||     1
Armor: Scale mail        |     2 |     5 ||     7
Dodge: Dodged            |     3 |     5 ||     8
Block: Shield            |     7 |     7 ||    14
       Rpst.: Long sword |     1 |     3 ||     4
